 Dungeon Crawl Stone Soup version 0.25-a0-578-gc91f01c (webtiles) character file.

Game seed: 14675956382210633239, levelgen mode: deterministic

46 Faels the Slasher (level 3, -6/29 HPs)
             Began as a Demonspawn Fighter on Mar 3, 2020.
             Splashed by a jelly's acid (8 damage)
             ... on level 2 of the Dungeon.
             The game lasted 00:03:11 (1614 turns).

Faels the Slasher (Demonspawn Fighter)              Turns: 1614, Time: 00:03:11

Health: -6/29      AC:  6    Str: 13 (16) XL:     3   Next: 46%
Magic:  0/3        EV:  6    Int:  6 (9)  God:
Gold:   36         SH:  8    Dex: 12 (13) Spells: 2/2 levels left

rFire    + . .     SeeInvis .   a - +0 long sword
rCold    . . .     Gourm    .   c - +0 kite shield
rNeg     . . .     Faith    .   b - +0 scale mail
rPois    .         Spirit   +   (no helmet)
rElec    .         Reflect  .   (no cloak)
rCorr    .         Harm     .   (no gloves)
MR       .....                  (no boots)
Stlth    ..........             (no amulet)
HPRegen  0.09/turn              k - ring of protection from fire
MPRegen  0.16/turn              (no ring)

@: no status effects
A: magic shield, magic regeneration
a: no special abilities


You were on level 2 of the Dungeon.
You were hungry.

You visited 1 branch of the dungeon, and saw 2 of its levels.

You collected 36 gold pieces.

Inventory:

Hand Weapons
 a - a +0 long sword (weapon)
Armour
 b - a +0 scale mail (worn)
 c - a +0 kite shield (worn)
Jewellery
 k - a ring of protection from fire (left hand)
Scrolls
 e - a scroll of remove curse {unknown}
 g - 2 scrolls of teleportation {unknown}
 j - 2 scrolls of identify {unknown}
Comestibles
 f - 3 rations


   Skills:
 - Level 3.0 Fighting
 * Level 3.3 Long Blades
 - Level 2.6 Armour
 - Level 1.0 Dodging
 - Level 2.6 Shields


You had 2 spell levels left.
You didn't know any spells.
Your spell library was empty.

Dungeon Overview and Level Annotations

Branches:
Dungeon (2/15)

Altars:


Innate Abilities, Weirdness & Mutations

When hurt, damage is shared between your health and your magic reserves.
You regenerate magic rapidly.


Message History

There is an open door, spattered with blood here.
Items here: ! ) [ †† a cursed -2 club; a +0 ring mail; a metallic white potion; a hobgoblin corpse an adder corpse You hit the jelly.
Your hands burn!
The jelly is lightly wounded.
The jelly hits you. The acid corrodes you!
You are splashed with acid.
The jelly hits you but does no damage.
You hit the jelly but do no damage.
Your hands burn!
The jelly is lightly wounded.
The jelly hits you.
You are splashed with acid!
* * * LOW HITPOINT WARNING * * *
You see here a +0 club.
There is an open door here.
There is an open door here.
You are no longer corroded.
You open the door. The jelly hits you.
* * * LOW HITPOINT WARNING * * *
You are splashed with acid!
You die...

###.####..######+##
#.....)...........##
#.#.'########).....#
#.#.#........#......#
#.#.#.'####'.#.(.....
#.#.#.#....#.#.......
#...#.#.##.#.#...)...
###.#.#J##.#.#......#
#.#.#@...#.#..>..##
#.#.'####+.#....##
#.( ..# +## #+


You could see a jelly.

Vanquished Creatures
  An adder (D:2)
  An ooze (D:1)
  A goblin (D:1)
  5 hobgoblins
  12 jackals
  2 kobolds (D:1)
  5 bats
  A frilled lizard (D:2)
  A rat (D:2)
29 creatures vanquished.

Notes
Turn   | Place    | Note
-------+----------+-------------------------------------------
     0 | D:1      | Faels the Demonspawn Fighter began the quest for the Orb.
     0 | D:1      | Reached XP level 1. HP: 18/18 MP: 1/1
   179 | D:1      | Gained mutation: When hurt, damage is shared between your
                  | health and your magic reserves. [demonic ancestry]
   179 | D:1      | Reached XP level 2. HP: 23/24 MP: 2/2
   446 | D:1      | Reached skill level 1 in Dodging
   852 | D:1      | Gained mutation: You regenerate magic rapidly. [demonic
                  | ancestry]
   852 | D:1      | Reached XP level 3. HP: 28/29 MP: 3/3
  1598 | D:2      | HP: 1/29 [acid (8)]
  1614 | D:2      | Splashed by a jelly's acid

Levels and vault maps discovered:
D:1:      psy_arrival_basics, layout_loops_cross
D:2:      layout_loops_corners, chequers_ecumenical_altar_twisty, minivault_11,
          st_stairs_1

Skill      XL: |  1  2  3 |
---------------+----------+-----
Long Blades    | 2 3 |  3.3
Dodging        | 1 |  1.0
Fighting       | |  3.0
Armour         | |  2.6
Shields        | |  2.6

Action                   || total
-------------------------++-------
Melee: Long sword        ||   147
  Use: Potion            ||     2
  Eat: Chunk             ||     2
Armor: Scale mail        ||   102
Dodge: Dodged            ||    72
Block: Kite shield       ||   107
       Rpst.: Long sword ||    21

Table legend:
 A = Non-vault XP
 B = Vault XP
 C = Vault XP percentage of total XP
 D = Non-vault monster count
 E = Vault monster count
 F = Vault count percentage of total count
                 A         B        C        D         E       F
            +---------+---------+-------+---------+---------+-------
      Total |      67 |       0 |   0.0 |      29 |       0 |   0.0
            +---------+---------+-------+---------+---------+-------
        D:1 |      43 |       0 |   0.0 |      21 |       0 |   0.0
        D:2 |      24 |       0 |   0.0 |       8 |       0 |   0.0
            +---------+---------+-------+---------+---------+-------
